 Dungeon Crawl Stone Soup version 0.28-a0-247-gb8bfbab023 (webtiles) character file.

Game seed: 15039003394618284040

10936 rogsnak the Thaumaturge (level 12, -2/80 HPs)
             Began as a Djinni Fire Elementalist on Aug 26, 2021.
             Was an Elder of Elyvilon.
             Hit by a large rock thrown by a cyclops (28 damage)
             ... on level 11 of the Dungeon.
             The game lasted 00:26:39 (14530 turns).

rogsnak the Thaumaturge (Djinni Fire Elementalist) Turns: 14530, Time: 00:26:39

Health: -2/80      AC: 15    Str:  7    XL:     12   Next: 1%
Gold:   675        EV: 12    Int: 20    God:    Elyvilon [****..] SH:  0 Dex: 16

rFire   + + .      SeeInvis .   u - +2 flail (holy)
rCold   x . .      Faith    .   (no shield)
rNeg    . . .      Spirit   .   O - +4 ring mail
rPois   ∞          Reflect  .   q - +2 helmet
rElec   .          Harm     .   V - +1 cloak
rCorr   .          Rampage  .   (no gloves)
Will    ++...                   (boots unavailable)
Stlth   +.........              (no amulet)
HPRegen 0.23/turn               N - ring of willpower
MPRegen 0.00/turn               (no ring)

@: flying
A: sickness immunity, fire resistance 2, cold vulnerability 1, float, innate
caster, hp casting, extra vitality 1
a: Renounce Religion, Lesser Healing, Heal Other, Purification, Greater Healing,
Divine Protection


You were on level 11 of the Dungeon.
You worshipped Elyvilon.
Elyvilon was greatly pleased with you.
You visited 1 branch of the dungeon, and saw 11 of its levels.

You collected 675 gold pieces.

Inventory:

Hand Weapons
 c - a +0 dagger
 f - a -2 short sword of electrocution
 l - a +2 antimagic dagger
 u - a +2 flail of holy wrath (weapon)
 A - a +0 scimitar
 B - the +10 hunting sling "Luyho" {speed, Will+++ MP+9 Int+4 Dex-2}
   (You found it on level 5 of the Dungeon)

   Attacks with this weapon are significantly faster.
   Int:       It affects your intelligence (+4).
   Dex:       It affects your dexterity (-2).
   MP:        It affects your magic capacity (+9).
   Will:      It greatly increases your willpower.
 I - a +2 mace of protection
 K - the +9 dagger of Abuse {protect, +Blink rPois Str+2}
   (You found it on level 7 of the Dungeon)

   It grants its wielder temporary protection when it strikes (+7 to AC).
   Str:       It affects your strength (+2).
   rPois:     It protects you from poison.
   +Blink:    It lets you blink.
 P - a +2 scimitar
Missiles
 b - 274 stones
 r - 5 atropa-tipped darts
 t - 7 curare-tipped darts
 F - 71 poisoned darts
 W - 6 javelins
Armour
 a - a +0 robe
 q - a +2 helmet (worn)
 x - a +2 robe of willpower
 O - a +4 ring mail (worn)
 V - a +1 cloak (worn)
Magical Staves
 U - a staff of air
Jewellery
 N - a ring of willpower (left hand)
Wands
 p - a wand of flame (58)
 w - a wand of charming (12)
 y - a wand of polymorph (9)
 G - a wand of acid (9)
Scrolls
 d - 3 scrolls of noise {unknown}
 e - 3 scrolls of amnesia
 g - a scroll of brand weapon {unknown}
 i - 5 scrolls of enchant armour
 k - 10 scrolls of identify {unknown}
 n - 2 scrolls of enchant weapon {unknown}
 o - a scroll of magic mapping {unknown}
 D - a scroll of fog {unknown}
 E - 3 scrolls of vulnerability {unknown}
 M - 3 scrolls of teleportation {unknown}
 Q - a scroll of fear {unknown}
 S - a scroll of acquirement {unknown}
Potions
 h - a potion of resistance {unknown}
 j - 3 potions of heal wounds {unknown}
 m - 4 potions of curing {unknown}
 s - a potion of ambrosia {unknown}
 v - 2 potions of cancellation {unknown}
 z - a potion of might {unknown}
 C - 4 potions of mutation {unknown}
 H - 2 potions of degeneration {unknown}
 J - a potion of berserk rage {unknown}
 L - 3 potions of attraction {unknown}
 R - 2 potions of flight {unknown}
 T - 4 potions of lignification {unknown}


   Skills:
 + Level 4.8 Fighting
 + Level 3.8 Armour
 + Level 6.6 Dodging
 - Level 1.6 Stealth
 + Level 12.3 Spellcasting
 + Level 0.1 Invocations


You had 5 spell levels left.
You knew the following spells:

 Your Spells              Type           Power      Damage    Failure   Level
a - Foxfire               Conj/Fire      100%       2x1d9     1%          1
b - Conjure Flame         Conj/Fire      58%        6-21      1%          3
c - Inner Flame           Hex/Fire       58%        N/A       1%          3
d - Sticky Flame          Conj/Fire      58%        2d7       1%          4
e - Fireball              Conj/Fire      29%        3d13      3%          5
f - Apportation           Tloc           100%       N/A       1%          1
g - Passwall              Tmut/Erth      48%        N/A       1%          2
h - Spider Form           Tmut/Pois      29%        N/A       1%          3
i - Mephitic Cloud        Conj/Pois/Air  58%        N/A       1%          3
j - Blade Hands           Tmut           29%        N/A       3%          5
Your spell library was empty.

Dungeon Overview and Level Annotations

Branches:
Dungeon (11/15)            Temple (0/1) D:4            Lair (0/6) D:8
    Orc (0/2) D:10

Altars:
Ashenzari
Dithmenos
Elyvilon
Gozag
Kikubaaqudgha
Qazlal
Ru
Sif Muna
Trog
Xom
Yredelemnul
Zin

Shops:
D:5 =!=(*   D:8 *

Annotations:
D:9 4 runed translucent doors, exclusion: obsidian statue, mcsnuffy's ghost, novice DEWz
D:10 Door - invis enemy


Innate Abilities, Weirdness & Mutations

You are immune to sickness and miasma.
You are immune to poison.
Your flesh is very heat resistant. (rF++)
You are vulnerable to cold. (rC-)
You float through the air rather than walking.
You learn spells naturally, not from books.
Your magical power is your life essence.
You have superior vitality. (+4 HP)


Message History

Unknown command.
The centaur shoots an arrow.
The arrow hits you.
Things that are here:
a +0 shortbow; 26 arrows; a centaur corpse Unknown command.
Unknown command.
Casting: Fireball (dangerous; 3% risk of failure)
Confirm with . or Enter, or press ? or * to list all spells.
Aiming: Sticky Flame (mildly dangerous; 1% risk of failure)
Press: ? - help, Shift-Dir - straight line, f - centaur warrior zombie
Aim: a centaur warrior zombie (100% to hit)
The sticky flame hits the centaur warrior zombie!
The centaur warrior zombie is lightly damaged.
The centaur warrior zombie is covered in liquid flames!
The centaur warrior zombie burns!
The centaur warrior zombie hits you but does no damage.
The centaur warrior zombie barely misses you.
A cyclops comes into view.
You hit the centaur warrior zombie but do no damage.
The centaur warrior zombie is moderately damaged.
The centaur warrior zombie burns!
The centaur warrior zombie hits you.
The centaur warrior zombie kicks you but does no damage.
The centaur warrior zombie hits you but does no damage.
The centaur warrior zombie kicks you but does no damage.
The cyclops throws a large rock.
The large rock completely misses you.
The large rock hits the centaur warrior zombie!!!
As you read the scroll labelled AROOWU OLAGYLO, it crumbles to dust.
It is a scroll of enchant armour.
Really abort (and waste the scroll)?
Your +0 cloak glows green for a moment.
The centaur warrior zombie burns!
The cyclops throws a large rock.
The large rock completely misses you.
The large rock hits the centaur!!
The centaur dies!
Unknown command.
As you read the scroll labelled VON UCKEGIJIMI, it crumbles to dust.
It is a scroll of amnesia.
You feel forgetful for a moment.
The centaur warrior zombie burns!
You destroy the centaur warrior zombie!
The cyclops throws a large rock.
The large rock hits you!!
You die...

## #.# #.# #.######
##.....#### #########
#.#...#...####..!.....
#..#.#...c).)........
#.##....#..@#)####.####c
#.##.#.#C####.## #
#.##.#.#.# #...#
#.##.#.#.##.#.#.#
#.##.#.#........c....
#.##.#.####.#.#.##c..
#.##.#.# ##...## ##
#.##.#.# #.# #....#.#
#.#


You could see a cyclops and a centaur.

Vanquished Creatures
  A boulder beetle (D:11)
  2 two-headed ogres (D:10)
  Pikel (D:8)
  Joseph (D:7)
  An unseen horror (D:10)
  A komodo dragon (D:8)
  2 trolls
  Prince Ribbit (D:5)
  Sigmund (D:6)
  A wyvern (D:8)
  3 yaks (D:10)
  Menkaure (D:7)
  5 vampire mosquitoes
  A water moccasin (D:7)
  Duvessa (D:7)
  6 orc warriors
  3 sky beasts
  4 ice beasts
  4 black bears
  4 ogres
  5 centaurs
  A lemure (D:8)
  Blork the orc (D:5)
  A bullfrog (D:8)
  7 scorpions
  Dowan (D:7)
  2 water moccasin zombies
  A wyvern skeleton (D:5)
  8 wights
  2 water moccasin skeletons (D:6)
  4 killer bees (D:8)
  A troll skeleton (D:10)
  3 howler monkeys
  5 spriggan skeletons (D:10)
  5 centaur zombies
  A jelly (D:5)
  3 bullfrog zombies
  8 orc priests
  4 hounds
  A bullfrog skeleton (D:6)
  A scorpion zombie (D:5)
  An iguana (D:5)
  8 orc wizards
  2 howler monkey zombies
  Robin (D:2)
  3 gnolls (D:4)
  5 adders
  2 shadow imps (D:3)
  A white imp (D:5)
  An adder skeleton (D:4)
  5 dart slugs
  29 orcs
  4 ball pythons
  6 bats
  5 endoplasms
  6 giant cockroaches
  7 goblins
  7 hobgoblins
  8 kobolds
  A quokka (D:2)
  5 frilled lizards
  6 rats
  2 butterflies (D:9)
224 creatures vanquished.

Vanquished Creatures (collateral kills)
  52 foxfires
52 creatures vanquished.

Vanquished Creatures (others)
  A centaur (D:11)
  655 foxfires
  22 fungi (D:8)
  24 plants (D:8)
  4 toadstools (D:3)
706 creatures vanquished.

Grand Total: 982 creatures vanquished

Notes
Turn   | Place    | Note
-------+----------+-------------------------------------------
     0 | D:1      | rogsnak the Djinni Fire Elementalist began the quest for
                  | the Orb.
     0 | D:1      | Reached XP level 1. HP: 15/15 MP: 0/0
   181 | D:1      | Reached XP level 2. HP: 4/21 MP: 0/0
   740 | D:1      | Found a faded altar of an unknown god.
   815 | D:1      | Reached skill level 3 in Spellcasting
   827 | D:1      | Reached XP level 3. HP: 16/25 MP: 0/0
   827 | D:1      | Learned a level 1 spell: Apportation
  2413 | D:2      | Reached XP level 4. HP: 27/31 MP: 0/0
  2493 | D:2      | Noticed Robin
  2502 | D:2      | Killed Robin
  3038 | D:3      | Reached XP level 5. HP: 32/35 MP: 0/0
  3038 | D:3      | Learned a level 2 spell: Passwall
  3115 | D:3      | Reached skill level 4 in Spellcasting
  3358 | D:3      | Found a transporter.
  3368 | D:3      | Found a transporter.
  3557 | D:3      | Found a white marble altar of Elyvilon.
  3644 | D:3      | Became a worshipper of Elyvilon the Healer
  5181 | D:4      | Reached XP level 6. HP: 27/41 MP: 0/0
  5505 | D:4      | Noticed an ogre
  5513 | D:4      | Killed an ogre
  5514 | D:4      | Reached skill level 5 in Spellcasting
  5588 | D:4      | Found a staircase to the Ecumenical Temple.
  5673 | D:4      | Found a stormy altar of Qazlal.
  5687 | D:4      | Reached XP level 7. HP: 39/46 MP: 0/0
  5687 | D:4      | Learned a level 3 spell: Spider Form
  6041 | D:5      | Entered Level 5 of the Dungeon
  6041 | D:5      | Found Gaocug's General Store.
  6245 | D:5      | Reached * piety under Elyvilon
  6291 | D:5      | Noticed Blork the orc
  6312 | D:5      | Killed Blork the orc
  6313 | D:5      | Reached skill level 1 in Fighting
  6313 | D:5      | Reached skill level 6 in Spellcasting
  6345 | D:5      | Noticed Prince Ribbit
  6586 | D:5      | Reached XP level 8. HP: 48/52 MP: 0/0
  6682 | D:5      | Killed Prince Ribbit
  6683 | D:5      | Reached skill level 7 in Spellcasting
  7369 | D:5      | Found Ytossit's Weapon Boutique.
  7382 | D:5      | Identified the +10 hunting sling "Luyho" {speed, Will+++
                  | MP+9 Int+4 Dex-2}
  7489 | D:5      | Found Diyq's Jewellery Emporium.
  7503 | D:5      | Found Selu's Distillery.
  7619 | D:5      | Found a basalt altar of Yredelemnul.
  7642 | D:5      | Found Xoawaorr's Jewellery Shoppe.
  7708 | D:6      | Reached XP level 9. HP: 51/58 MP: 0/0
  7708 | D:6      | Learned a level 3 spell: Mephitic Cloud
  7770 | D:6      | Reached skill level 8 in Spellcasting
  8318 | D:6      | Noticed Sigmund
  8320 | D:6      | Killed Sigmund
  8321 | D:6      | Reached skill level 9 in Spellcasting
  8388 | D:6      | Reached ** piety under Elyvilon
  8617 | D:6      | Found a sacrificial altar of Ru.
  8675 | D:7      | Noticed Duvessa
  8675 | D:7      | Noticed Dowan
  8684 | D:7      | Killed Duvessa
  8690 | D:7      | Killed Dowan
  8834 | D:7      | Noticed Menkaure
  8836 | D:7      | Killed Menkaure
  8976 | D:7      | Identified the +9 dagger of Abuse {protect, +Blink rPois
                  | Str+2}
  8979 | D:7      | Found a shadowy altar of Dithmenos.
  8979 | D:7      | Noticed Joseph
  8984 | D:7      | Killed Joseph
  8985 | D:7      | Reached skill level 5 in Dodging
  8985 | D:7      | Reached XP level 10. HP: 12/65 MP: 0/0
  9945 | D:7      | Reached skill level 10 in Spellcasting
 10070 | D:8      | Noticed Pikel
 10070 | D:8      | Reached *** piety under Elyvilon
 10374 | D:8      | Found Hegut's Assorted Antiques.
 10743 | D:8      | Killed Pikel
 10914 | D:8      | Found a shimmering altar of Xom.
 10981 | D:8      | Reached skill level 11 in Spellcasting
 11249 | D:8      | Found a staircase to the Lair.
 11393 | D:8      | Found a glowing silver altar of Zin.
 11411 | D:8      | Noticed a komodo dragon
 11415 | D:8      | Killed a komodo dragon
 11416 | D:8      | Reached XP level 11. HP: 56/71 MP: 0/0
 11416 | D:8      | Learned a level 5 spell: Blade Hands
 11803 | D:9      | Reached **** piety under Elyvilon
 11940 | D:9      | Found a runed translucent gate.
 11940 | D:9      | Found a runed translucent gate.
 11941 | D:9      | Found a runed translucent gate.
 11946 | D:9      | Found an opulent altar of Gozag.
 11946 | D:9      | Noticed a purple ugly thing
 11947 | D:9      | Noticed an obsidian statue
 11947 | D:9      | Noticed a cyclops
 11948 | D:9      | Noticed mcsnuffy's ghost (novice DEWz)
 11948 | D:9      | Noticed a boulder beetle
 12000 | D:9      | Found a runed translucent door.
 12030 | D:9      | Found a runed translucent door.
 12489 | D:10     | Entered Level 10 of the Dungeon
 12651 | D:10     | Noticed a two-headed ogre
 12719 | D:10     | Killed a two-headed ogre
 12720 | D:10     | Reached skill level 1 in Armour
 13208 | D:10     | Found a broken altar of Ashenzari.
 13216 | D:10     | Found a bloodstained altar of Trog.
 13272 | D:10     | Reached skill level 12 in Spellcasting
 13860 | D:10     | Noticed a two-headed ogre
 13864 | D:10     | Killed a two-headed ogre
 14030 | D:10     | Found a staircase to the Orcish Mines.
 14133 | D:11     | Noticed a boulder beetle
 14142 | D:11     | Killed a boulder beetle
 14525 | D:11     | Reached XP level 12. HP: 34/80 MP: 0/0
 14530 | D:11     | Hit by a large rock thrown by a cyclops

Illustrated notes

Levels and vault maps discovered:
D:1:      kennysheep_arrival_forest, layout_basic, serial_glass,
          glass_columns_a, glass_columns_a, ebering_ecumenical_altar_rust,
          fountainhead, minmay_pentomino_v2
D:2:      layout_basic, serial_forest, infiniplex_forest_straight_2,
          infiniplex_forest_lined_3, infiniplex_forest_straight_5,
          infiniplex_forest_clump_small, infiniplex_forest_lined_room_2,
          infiniplex_forest_lined_3, infiniplex_forest_corner_2,
          infiniplex_forest_lined_corner, uniq_robin
D:3:      gammafunk_wand_slinger, layout_basic, mainiacjoe_overflow_alcove_2,
          lemuel_round_altar, minmay_gold_behind_fungi,
          chequers_serial_rivers_room_b
D:4:      layout_rooms, mainiacjoe_overflow_brackets,
          mainiacjoe_overflow_concentric_impassable,
          minmay_temple_entry_crystal_x, amcnicky_mini_pool_small, st_stairs_8
D:5:      layout_rooms, mainiacjoe_overflow_alcove_1, serial_shops,
          nicolae_stop_n_shop_2, shop,
          nicolae_shop_temple_entry_statues_fountains, nicolae_diamond_shop,
          shop, uniq_blork_the_orc, uniq_prince_ribbit1
D:6:      layout_rooms, nicolae_ru_awakened_eye, minmay_door_square,
          uniq_sigmund
D:7:      layout_basic, lemuel_tele_altar, kennysheep_another_room,
          kennysheep_small_circle, uniq_menkaure, uniq_duvessa, uniq_joseph
D:8:      layout_rooms, mainiacjoe_overflow_chevrons, zin_treasury,
          grunt_lair_entry_orc_guard_hut, serial_shops, nicolae_lakefront_shop,
          uniq_pikel
D:9:      lemuel_insect_pit, layout_loops_ring, ebering_ghost_gozag
D:10:     layout_big_octagon, grunt_temple_overflow_open, erik_orc_2,
          hangedman_tell_no_tales
D:11:     layout_loops_ring, grunt_decor_resistance

Skill      XL: |  1  2  3  4  5  6  7  8  9 10 11 |
---------------+----------------------------------+-----
Spellcasting   | 3 4 5 6 7 9 11 12 | 12.3
Dodging        | 3 4 5 6 |  6.6
Fighting       | 1 2 3 4 |  4.8
Armour         | 3 |  3.8
Stealth        | |  1.6
Invocations    | |  0.1

Action                   |  1- 3 |  4- 6 |  7- 9 | 10-12 || total
-------------------------+-------+-------+-------+-------++-------
Melee: Dagger            |     5 |       |    10 |    17 ||    32
       Short sword       |    14 |    12 |       |       ||    26
       Flail             |       |       |    26 |    75 ||   101
 Cast: Foxfire           |    78 |   120 |   111 |   107 ||   416
       Fireball          |       |     1 |    11 |    37 ||    49
       Sticky Flame      |       |       |    14 |    48 ||    62
       Mephitic Cloud    |       |       |       |     9 ||     9
Invok: Lesser Healing    |       |       |       |     1 ||     1
  Use: Scroll            |       |       |       |     2 ||     2
 Stab: Sleeping          |     2 |     1 |       |       ||     3
       Confused          |       |       |       |     3 ||     3
Armor: Robe              |     4 |     4 |    11 |    19 ||    38
       Ring mail         |       |       |       |    40 ||    40
Dodge: Dodged            |    20 |     6 |    39 |    84 ||   149

Table legend: (Time is in decaauts)
 A = Elapsed time spent in this place.
 B = Non-inter-level travel time spent in this place.
 C = Inter-level travel time spent in this place.
 D = Time resting spent in this place.
 E = Time spent auto-exploring this place.
 F = Levels seen in this place.
 G = Mean time per level.
                   A        B        C        D        E       F      G
               +--------+--------+--------+--------+--------+-----+--------+
         Total |  14569 |  14294 |    275 |   3757 |   8317 |  11 | 1324.5 |
       Dungeon |  14569 |  14294 |    275 |   3757 |   8317 |  11 | 1324.5 |
               +--------+--------+--------+--------+--------+-----+--------+

Top non-repeatable levels by time:
     D:3: 2189 daAuts
     D:1: 1754 daAuts
     D:7: 1632 daAuts
    D:10: 1606 daAuts
     D:4: 1303 daAuts
     D:8: 1266 daAuts
     D:2: 1232 daAuts
     D:5: 1231 daAuts
     D:6: 964 daAuts
     D:9: 940 daAuts
    D:11: 447 daAuts
